 Dungeon Crawl Stone Soup version 0.31.0-9-g3a7656b989 (webtiles) character file.

Game seed: 13757775765839033343

78 ExZ the Trooper (level 4, 0/44 HPs)
             Began as a Minotaur Berserker on Jan 28, 2024.
             Was a Believer of Trog.
             Slain by Sigmund
             ... wielding a +0 scythe
              (8 damage)
             ... on level 2 of the Dungeon.
             The game lasted 00:01:20 (870 turns).

ExZ the Trooper (Minotaur Berserker)                 Turns: 870, Time: 00:01:20

Health: 0/44       AC:  5    Str: 23    XL:     4   Next: 15%
Magic:  3/3        EV: 11    Int:  4    God:    Trog [**....]
Gold:   99         SH:  0    Dex: 10    Spells: 3/3 levels left

rFire   . . .        a - +0 hand axe
rCold   . . .        (no shield)
rNeg    . . .        g - +0 ring mail
rPois   .            (helmet restricted)
rElec   .            (no cloak)
rCorr   .            (no gloves)
SInv    .            (no boots)
Will    .....        (no amulet) Stlth
                     (no ring)
HPRegen 0.27/turn    (no ring)
MPRegen 0.08/turn

%: no passive effects
@: on berserk cooldown, slowed, very slow
A: horns 2, retaliatory headbutt
a: Renounce Religion, Berserk, Trog's Hand


You were on level 2 of the Dungeon.
You worshipped Trog.
Trog was pleased with you.
You visited 1 branch of the dungeon, and saw 2 of its levels.

You collected 99 gold pieces.

Inventory:

Hand Weapons
 a - a +0 hand axe (weapon)
Armour
 b - a +0 animal skin
 g - a +0 ring mail (worn)
Scrolls
 c - 2 scrolls of immolation {unknown}
 d - a scroll of teleportation {unknown}
 e - a scroll of noise {unknown}
 f - 2 scrolls of butterflies {unknown}
 j - a scroll of silence {unknown}
Potions
 h - a potion of mutation {unknown}
 i - a potion of brilliance {unknown}
 k - a potion of attraction {unknown}


   Skills:
 + Level 6.1 Fighting
 - Level 3.6 Axes
 - Level 2.4 Armour
 - Level 2.1 Dodging


You had 3 spell levels left.
You didn't know any spells.
Your spell library was empty.

Dungeon Overview and Level Annotations

Branches:
Dungeon (2/15)

Altars:

Annotations:
D:2 Natasha, Sigmund


Innate Abilities, Weirdness & Mutations

You have a pair of horns on your head.
You reflexively headbutt those who attack you in melee.


Message History

Trog accepts your kill.
The frilled lizard bites you but does no damage.
The frilled lizard attacks as it pursues you!
The frilled lizard closely misses you. Something hits you!
Unknown command.
The frilled lizard bites you. Something hits you.
The frilled lizard barely misses you. You furiously retaliate!
You headbutt the frilled lizard.
You kill the frilled lizard!
Trog accepts your kill.
You hear a zap.
A puff of flame appears from out of thin air!
The puff of flame hits you!
There is an open door here.
Unknown command.
You close the door.
Something unseen breaks down the door.
It's broken and can't be closed.
Something hits you but does no damage. Something hits you.
A magic dart appears from out of thin air!
The magic dart hits you.
You hear a zap.
A puff of flame appears from out of thin air!
The puff of flame hits you!
* * * LOW HITPOINT WARNING * * *
Something tries to affect you, but you resist.
You feel much better.
You hear a zap.
A puff of flame appears from out of thin air!
The puff of flame hits you.
Natasha, Servant of Life and Death comes into view.
Unknown command.
Unknown command.
Something hits you!
* * * LOW HITPOINT WARNING * * *
Natasha stares at you and mumbles some strange words.
The magic dart hits you.
* * * LOW HITPOINT WARNING * * *
Something hits you!
You die...

.>.#.#####..### #.........?
..............##### #..........
..................# #...........
#.......###....##.# #...........
#...###.###8...##+####..[........
#......†....P.8h.....#...........
......#.######.......#...........
......#).....+.......'...........
......'.######..@....#...........
......#..## #.......#..†........
......##..# #.......#...........
......###.## #.......############
......# #..# #.......# ......#
##.# #.......# ......# #.#
#.......# ......# #.###.......#
......# #..#################


You could see Natasha.

Vanquished Creatures
  Natasha (D:2)
  An adder (D:2)
  A dart slug (D:1)
  A ribbon worm (D:2)
  2 bat zombies (D:2)
  6 endoplasms
  2 giant cockroaches
  4 hobgoblins (D:2)
  4 kobolds (D:1)
  2 quokkas (D:1)
  2 ball pythons (D:1)
  A ball python skeleton (D:2)
  2 bats (D:1)
  4 frilled lizards (D:2)
  4 goblins
  3 quokka skeletons (D:2)
  A rat (D:1)
41 creatures vanquished.

Notes
Turn   | Place    | Note
-------+----------+-------------------------------------------
     0 | D:1      | ExZ the Minotaur Berserker began the quest for the Orb.
     0 | D:1      | Reached XP level 1. HP: 19/19 MP: 0/0
    39 | D:1      | Reached skill level 4 in Fighting
    79 | D:1      | Reached XP level 2. HP: 20/28 MP: 1/1
   438 | D:2      | Reached skill level 5 in Fighting
   438 | D:2      | Reached XP level 3. HP: 35/36 MP: 2/2
   579 | D:2      | Reached ** piety under Trog
   813 | D:2      | Noticed Natasha
   817 | D:2      | Killed Natasha
   818 | D:2      | Reached skill level 6 in Fighting
   818 | D:2      | Reached XP level 4. HP: 39/44 MP: 3/3
   841 | D:2      | Noticed Sigmund
   868 | D:2      | Noticed Natasha
   870 | D:2      | Slain by Sigmund

Illustrated notes

Levels and vault maps discovered:
D:1:      ebering_trefoil_3fold, layout_basic, minmay_tetromino_o2
D:2:      layout_basic, serial_undead, serial_undead_c, serial_undead_e,
          serial_undead_c, serial_undead_d, uniq_natasha, uniq_sigmund

Skill      XL: |  1  2  3 |
---------------+----------+-----
Fighting       | 4 5 6 |  6.1
Axes           | |  3.6
Armour         | |  2.4
Dodging        | |  2.1

Action                     |  1- 3 |  4- 6 || total
---------------------------+-------+-------++-------
  Melee: Hand axe          |    86 |     1 ||    87
         Headbutt          |     8 |       ||     8
 Invoke: Berserk           |     1 |     1 ||     2
    Use: Potion            |       |     2 ||     2
 Armour: Animal skin       |    33 |       ||    33
         Ring mail         |     9 |    33 ||    42
  Dodge: Dodged            |    56 |    11 ||    67
